 Dungeon Crawl Stone Soup version 0.29.0 (webtiles) character file.

Game seed: 8436977447359096762

496 Orban the Trooper (level 6, -9/56 HPs)
             Began as a Minotaur Monk on Sept 1, 2022.
             Killed by an exploding black bear (15 damage)
             ... ignited by their inner flame
             ... on level 4 of the Dungeon.
             The game lasted 00:09:47 (3847 turns).

Orban the Trooper (Minotaur Monk)                   Turns: 3847, Time: 00:09:49

Health: -9/56      AC: 15    Str: 18    XL:     6   Next: 93%
Magic:  5/5        EV:  6    Int:  7    God:
Gold:   236        SH:  0    Dex: 12    Spells: 5/5 levels left

rFire   + . .      SeeInvis .   c - +2 dire flail (vorpal)
rCold   . . .      Faith    .   (shield currently unavailable)
rNeg    . . .      Spirit   .   o - +1 plate armour
rPois   .          Reflect  .   (helmet restricted)
rElec   .          Harm     .   (no cloak)
rCorr   .          Rampage  .   v - +2 pair of gloves
Will    .....                   (no boots)
Stlth   ..........              (no amulet)
HPRegen 0.18/turn               r - ring of protection from fire
MPRegen 0.09/turn               (no ring)

@: no status effects
A: horns 2, retaliatory headbutt
a: no special abilities


You were on level 4 of the Dungeon.
You visited 1 branch of the dungeon, and saw 4 of its levels.

You collected 236 gold pieces.

Inventory:

Hand Weapons
 a - a +0 mace
 c - a +2 vorpal dire flail (weapon)
 n - a +0 hand axe of protection
 z - a +1 dagger of speed
 A - a +1 falchion of holy wrath
Missiles
 h - a throwing net
Armour
 b - a +0 robe
 i - a +1 leather armour of fire resistance
 j - a +0 chain mail
 o - a +1 plate armour (worn)
 p - a +0 buckler
 v - a +2 pair of gloves (worn)
 B - a +1 robe of willpower
Magical Staves
 f - a staff of fire
Jewellery
 d - a ring of fire
 q - a ring of resist corrosion
 r - a ring of protection from fire (left hand)
Scrolls
 g - a scroll of noise
 m - a scroll of silence
 u - a scroll of amnesia
Potions
 e - a potion of resistance
 k - a potion of cancellation {unknown}
 l - 2 potions of attraction
 s - 2 potions of curing
 t - 2 potions of flight


   Skills:
 + Level 5.3 Fighting
 - Level 4.4(5.2) Axes
 * Level 4.3(5.2) Maces & Flails
 + Level 3.1 Armour
 + Level 4.9 Dodging
 - Level 2.2 Stealth


You had 5 spell levels left.
You didn't know any spells.
Your spell library contained the following spells:

 Spells                   Type           Power      Damage    Failure   Level
 Magic Dart               Conj           0%         1d3       100%        1
 Call Imp                 Summ           0%         N/A       100%        2
 Static Discharge         Conj/Air       0%         3-3/arc   100%        2
 Mephitic Cloud           Conj/Pois/Air  0%         N/A       100%        3
 Lightning Bolt           Conj/Air       0%         1d11      100%        5
 Maxwell's Capacitive Co  Air            0%         ∞         100%        8


Dungeon Overview and Level Annotations

Branches:
Dungeon (4/15)
 Temple: D:4-7

Altars:
Dithmenos
Elyvilon

Shops:
D:1 [


Innate Abilities, Weirdness & Mutations

You have a pair of horns on your head.
You reflexively headbutt those who attack you in melee.


Message History

The black bear completely misses you.
You hit the black bear.
The black bear is severely wounded.
The black bear bites you! The black bear claws you.
The black bear claws you but does no damage.
You hit the black bear.
The black bear is almost dead.
The black bear bites you but does no damage.
The black bear barely misses you.
The black bear claws you but does no damage.
The black bear bites you!
* * * LOW HITPOINT WARNING * * *
The black bear closely misses you.
The black bear claws you but does no damage.
The black bear attacks as you move away!
The black bear bites you but does no damage.
The black bear claws you.
* * * LOW HITPOINT WARNING * * *
The black bear claws you.
* * * LOW HITPOINT WARNING * * *
As you read the scroll of immolation, it crumbles to dust.
The creatures around you are filled with an inner flame!
The black bear bites you.
* * * LOW HITPOINT WARNING * * *
The black bear claws you but does no damage. x2
The black bear bites you but does no damage.
The black bear claws you.
* * * LOW HITPOINT WARNING * * *
The black bear barely misses you.
As you read the scroll of immolation, it crumbles to dust.
The creatures around you are filled with an inner flame!
The black bear bites you but does no damage.
The black bear claws you but does no damage. x2
The black bear attacks as you move away!
The black bear completely misses you. You furiously retaliate!
You headbutt the black bear!
The black bear explodes!
The fiery explosion engulfs the orc!!!
The fiery explosion engulfs you! You resist.
You die...

#.......# #...##...
#..>...# .8.##.## #g...#
...#.### ######....#
#.#### # ...$...oo## #.#
####....# ##### ##.## ##
#....# ###...###...###..
##..o###...8.)..._.....8
#.go§§@.#...###...###..
##.o######### ##.## #
#### #.# ## ##.#####.
#...##... #.8.##.##
#...#..# ##.##.## #....#


You could see 3 orcs and a hobgoblin (inner flame).

Vanquished Creatures
  Edmund (D:4)
  A black bear (D:4)
  A bullfrog (D:4)
  A jelly (D:4)
  3 orc priests (D:3)
  Jessica (D:3)
  An orc wizard (D:4)
  4 adders
  2 dart slugs
  19 orcs
  7 bats
  5 endoplasms
  4 giant cockroaches (D:1)
  7 goblins
  9 hobgoblins
  3 quokkas
  11 ball pythons
  5 frilled lizards
  9 kobolds
  2 rats
96 creatures vanquished.

Notes
Turn   | Place    | Note
-------+----------+-------------------------------------------
     0 | D:1      | Orban the Minotaur Monk began the quest for the Orb.
     0 | D:1      | Reached XP level 1. HP: 19/19 MP: 0/0
    29 | D:1      | Found a faded altar of an unknown god.
   120 | D:1      | Reached XP level 2. HP: 24/27 MP: 1/1
   501 | D:1      | Reached skill level 4 in Fighting
   696 | D:1      | Reached XP level 3. HP: 33/33 MP: 2/2
   700 | D:1      | Found Naedgh's Antique Armour Shop.
  1393 | D:2      | Reached XP level 4. HP: 40/40 MP: 3/3
  1852 | D:3      | Reached skill level 1 in Axes
  1856 | D:3      | Reached skill level 1 in Armour
  2318 | D:3      | Reached XP level 5. HP: 34/47 MP: 4/4
  2507 | D:3      | Noticed Jessica
  2517 | D:3      | Killed Jessica
  3231 | D:4      | Reached skill level 5 in Fighting
  3231 | D:4      | Reached XP level 6. HP: 47/56 MP: 5/5
  3369 | D:4      | Found a shadowy altar of Dithmenos.
  3386 | D:4      | Noticed Edmund
  3461 | D:4      | Killed Edmund
  3781 | D:4      | Found a white marble altar of Elyvilon.
  3847 | D:4      | Killed by an exploding black bear... ignited by their inner
                  | flame

Illustrated notes

Levels and vault maps discovered:
D:1:      minmay_arrival_stone_box, layout_basic, serial_shops, shop,
          shapermc_ecumenical_altar_totnotflames, chequers_serial_rivers_room_a
D:2:      layout_basic, glass_columns_c
D:3:      layout_basic, uniq_jessica
D:4:      layout_layer_cave, elyvilon_altar_1, nicolae_dithmenos_shadow_blocks,
          uniq_edmund

Skill      XL: |  1  2  3  4  5  6 |
---------------+-------------------+-----
Fighting       | 4 5 |  5.3
Maces & Flails | 4 |  4.3
Stealth        | 2 |  2.2
Axes           | 2 3 4 |  4.4
Dodging        | 4 |  4.9
Armour         | 1 2 3 |  3.1

Action                   |  1- 3 |  4- 6 || total
-------------------------+-------+-------++-------
Melee: Mace              |    56 |       ||    56
       Headbutt          |     5 |    25 ||    30
       Hand axe          |     7 |   145 ||   152
       Dire flail        |       |    18 ||    18
  Use: Scroll            |       |    15 ||    15
       Potion            |       |     2 ||     2
 Stab: Sleeping          |     4 |       ||     4
Armor: Robe              |    15 |       ||    15
       Plate armour      |     1 |   188 ||   189
Dodge: Dodged            |    58 |    66 ||   124
Block: Buckler           |       |    31 ||    31
